 Dungeon Crawl Stone Soup version 0.30-a0-728-gc68057be0a (webtiles) character file.

Game seed: 5369439629864022312

1404 Crownlay the Chiller (level 8, -2/56 (59) HPs)
             Began as a Gnoll Ice Elementalist on Jan 31, 2023.
             Was a Follower of Uskayaw.
             Killed from afar by a white imp (3 damage)
             ... with a puff of frost
             ... on level 6 of the Dungeon.
             The game lasted 00:12:00 (6106 turns).

Crownlay the Chiller (Gnoll Ice Elementalist)       Turns: 6106, Time: 00:12:00

HP:   -2/56 (59)    AC:  7    Str:  7    XL:     8   Next: 69%
MP:   15/17         EV: 14    Int: 24    God:    Uskayaw [*.....]
Gold: 215           SH:  0    Dex: 12    Spells: 8/19 levels left

rFire   . . .      SeeInvis .    h - +0 trident
rCold   . . .      Faith    .    (no shield)
rNeg    . . .      Spirit   .    a - +0 robe
rPois   .          Reflect  .    (no helmet)
rElec   .          Harm     .    d - +2 cloak
rCorr   .          Rampage  .    u - +0 pair of gloves
Will    .....                    k - +0 pair of boots
Stlth   +++                      (no amulet)
HPRegen 0.29/turn                f - +6 ring of intelligence
MPRegen 0.15/turn                (no ring)

@: mighty, brilliant, drained
A: fangs 1, strong nose, distributed training
a: Renounce Religion, Stomp


You were on level 6 of the Dungeon.
You worshipped Uskayaw.
Uskayaw was noncommittal.
You visited 1 branch of the dungeon, and saw 6 of its levels.

You collected 285 gold pieces.
You spent 70 gold pieces at shops.

Inventory:

Hand Weapons
 h - a +0 trident (weapon)
Armour
 a - a +0 robe (worn)
 d - a +2 cloak (worn)
 k - a +0 pair of boots (worn)
 u - a +0 pair of gloves (worn)
Jewellery
 f - a +6 ring of intelligence (left hand)
Wands
 n - a wand of roots (4)
 p - a wand of acid (12)
Scrolls
 c - a scroll of teleportation
 e - 3 scrolls of immolation
 g - a scroll of fog
 o - a scroll of noise
 s - a scroll of vulnerability
 v - a scroll of fear {unknown}
Potions
 b - a potion of magic
 i - 5 potions of attraction
 j - 3 potions of mutation
 l - 3 potions of lignification
 m - a potion of cancellation {unknown}
 r - a potion of brilliance
 t - a potion of heal wounds {unknown}


   Skills:
 + Level 3.6 Fighting
 + Level 3.6 Short Blades
 + Level 3.6 Long Blades
 + Level 3.6 Axes
 + Level 3.6 Maces & Flails
 + Level 3.6 Polearms
 + Level 3.6 Staves
 + Level 3.6 Ranged Weapons
 + Level 3.6 Throwing
 + Level 3.6 Armour
 + Level 5.9 Dodging
 + Level 5.6 Stealth
 + Level 3.6 Shields
 + Level 3.6 Unarmed Combat
 + Level 6.2 Spellcasting
 + Level 3.0 Conjurations
 + Level 3.0 Hexes
 + Level 3.0 Summonings
 + Level 3.0 Necromancy
 + Level 3.0 Translocations
 + Level 3.0 Transmutations
 + Level 3.0 Fire Magic
 + Level 7.8 Ice Magic
 + Level 3.0 Air Magic
 + Level 3.0 Earth Magic
 + Level 3.0 Poison Magic
 + Level 4.0 Invocations
 + Level 3.6 Evocations


You had 8 spell levels left.
You knew the following spells:

 Your Spells              Type           Power      Damage    Failure   Level
a - Freeze                Ice            100%       1d10      1%          1
b - Frozen Ramparts       Ice            100%       1d16      1%          3
c - Ozocubu's Armour      Ice            61%        N/A       1%          3
d - Summon Ice Beast      Ice/Summ       50%        N/A       9%          4

Your spell library contained the following spells:

 Spells                   Type           Power      Damage    Failure   Level
 Ensorcelled Hibernation  Hex/Ice        100%       N/A       1%          2
 Summon Small Mammal      Summ           100%       N/A       2%          1
 Passwall                 Tmut/Erth      26%        N/A       3%          2
 Call Canine Familiar     Summ           32%        N/A       7%          3
 Gell's Gravitas          Tloc           32%        N/A       7%          3
 Summon Guardian Golem    Hex/Summ       32%        N/A       7%          3
 Swiftness                Air            32%        N/A       7%          3
 Teleport Other           Tloc           32%        N/A       7%          3
 Vhi's Electric Charge    Tloc/Air       64%        N/A       7%          3
 Leda's Liquefaction      Hex/Erth       16%        N/A       22%         4
 Arcjolt                  Conj/Air       16%        1d26      54%         5
 Lee's Rapid Deconstruct  Erth           16%        3d10*     54%         5
 Dispersal                Tloc           16%        N/A       98%         6
 Statue Form              Tmut/Erth      21%        N/A       98%         6
 Maxwell's Capacitive Co  Air            16%        ∞         100%        8


Dungeon Overview and Level Annotations

Branches:
Dungeon (6/15)             Temple (0/1) D:5

Altars:
Cheibriados
Dithmenos
Nemelex Xobeh
Uskayaw
Zin
The Shining One

Shops:
D:3 !*


Innate Abilities, Weirdness & Mutations

You have very sharp teeth.
Your uncanny sense of smell can sniff out nearby items.
Your experience applies equally to all skills.


Message History

The white imp gestures at you. The puff of frost hits you.
* * * LOW HITPOINT WARNING * * *
Reach: h) +0 trident
Press: ? - help, Dir - move target, f - phantom, p - white imp
Aim: a phantom (heavily damaged, ally target, about 54% to evade your +0 trident)
You puncture the phantom!
The phantom is severely damaged.
The phantom misses you.
You can now pass through a line of other dancers.
Reach: h) +0 trident
Press: ? - help, Dir - move target, f/p - phantom
Aim: a phantom (severely damaged, ally target, about 54% to evade your +0 trident)
You barely miss the phantom. Your bite misses the phantom.
The phantom is severely damaged.
The phantom hits you.
* * * LOW HITPOINT WARNING * * *
Reach: h) +0 trident
Press: ? - help, Dir - move target, f/p - phantom
Aim: a phantom (severely damaged, ally target, about 54% to evade your +0 trident)
You barely miss the phantom.
The phantom is severely damaged.
The phantom hits you but does no damage.
The white imp gestures at you. The puff of frost hits you!
* * * LOW HITPOINT WARNING * * *
Your ice beast barely misses the phantom.
The phantom barely misses you.
It was a potion of brilliance.
You feel clever all of a sudden.
Your ice beast hits the phantom.
Your ice beast freezes the phantom.
The phantom resists.
The phantom hits you but does no damage.
You can no longer pass through a line of other dancers.
It was a potion of might.
You feel very mighty all of a sudden.
Your ice beast closely misses the phantom.
The white imp gestures at you. The puff of frost hits you.
You die...

.###### .. ....$.
#.######..#######
#................
###..$.......#...##..
.....................
#..........###.##..
#..........# #..#..
#.@5Y......####....
#..W...............
#..................
#.?................
#..................
###########........
#........
..../.......
.......###...


You could see a phantom (ally target), a white imp and a friendly ice beast
(summoned).

Vanquished Creatures
  Grinder (D:3)
  Sigmund (D:2)
  Menkaure (D:5)
  A water moccasin (D:5)
  An ogre (D:4)
  A phantom (D:5)
  2 scorpions
  A jelly (D:5)
  2 hounds
  An orc priest (D:3)
  An iguana (D:5)
  Terence (D:3)
  Natasha (thrice) (D:3)
  A mummy (D:4)
  9 adders
  A shadow imp (D:6)
  2 worms
  4 dart slugs
  18 orcs
  4 ball pythons
  12 endoplasms
  3 giant cockroaches (D:1)
  2 goblins
  8 hobgoblins
  12 jackals
  5 quokkas
  9 bats
  A frilled lizard (D:3)
  8 kobolds
  4 rats
120 creatures vanquished.

Vanquished Creatures (collateral kills)
  A centaur (D:6)
1 creature vanquished.

Grand Total: 121 creatures vanquished

Notes
Turn   | Place    | Note
-------+----------+-------------------------------------------
     0 | D:1      | Crownlay the Gnoll Ice Elementalist began the quest for the
                  | Orb.
     0 | D:1      | Reached XP level 1. HP: 13/13 MP: 6/6
   206 | D:1      | Reached XP level 2. HP: 19/19 MP: 4/7
   461 | D:1      | Reached skill level 5 in Spellcasting
   461 | D:1      | Reached XP level 3. HP: 25/25 MP: 3/9
   631 | D:1      | Learned a level 3 spell: Frozen Ramparts
   635 | D:1      | Learned a level 3 spell: Ozocubu's Armour
   691 | D:1      | Reached skill level 1 in Invocations
  1213 | D:1      | Reached skill level 1 in Fighting
  1213 | D:1      | Reached skill level 1 in Short Blades
  1213 | D:1      | Reached skill level 1 in Long Blades
  1213 | D:1      | Reached skill level 1 in Axes
  1213 | D:1      | Reached skill level 1 in Maces & Flails
  1213 | D:1      | Reached skill level 1 in Polearms
  1213 | D:1      | Reached skill level 1 in Staves
  1213 | D:1      | Reached skill level 1 in Ranged Weapons
  1213 | D:1      | Reached skill level 1 in Throwing
  1213 | D:1      | Reached skill level 1 in Armour
  1213 | D:1      | Reached skill level 1 in Shields
  1213 | D:1      | Reached skill level 1 in Unarmed Combat
  1213 | D:1      | Reached skill level 1 in Evocations
  1613 | D:2      | Noticed Sigmund
  1627 | D:2      | Killed Sigmund
  1628 | D:2      | Reached skill level 1 in Conjurations
  1628 | D:2      | Reached skill level 1 in Hexes
  1628 | D:2      | Reached skill level 1 in Summonings
  1628 | D:2      | Reached skill level 1 in Necromancy
  1628 | D:2      | Reached skill level 1 in Translocations
  1628 | D:2      | Reached skill level 1 in Transmutations
  1628 | D:2      | Reached skill level 1 in Fire Magic
  1628 | D:2      | Reached skill level 1 in Air Magic
  1628 | D:2      | Reached skill level 1 in Earth Magic
  1628 | D:2      | Reached skill level 1 in Poison Magic
  1628 | D:2      | Reached XP level 4. HP: 26/33 MP: 1/11
  1628 | D:2      | Reached XP level 5. HP: 30/38 MP: 1/12
  1805 | D:2      | Reached XP level 6. HP: 32/44 MP: 9/13
  2840 | D:3      | Noticed Terence
  2853 | D:3      | Killed Terence
  2854 | D:3      | Reached skill level 5 in Dodging
  2885 | D:3      | Noticed Natasha
  2892 | D:3      | Killed Natasha
  2946 | D:3      | Found a glowing golden altar of the Shining One.
  3008 | D:3      | Noticed Natasha
  3024 | D:3      | Killed Natasha
  3213 | D:3      | Noticed Natasha
  3224 | D:3      | Killed Natasha
  3264 | D:3      | Found Cepto's Distillery.
  3271 | D:3      | Bought a potion of degeneration for 10 gold pieces
  3271 | D:3      | Bought a potion of lignification for 30 gold pieces
  3271 | D:3      | Bought a potion of attraction for 30 gold pieces
  3289 | D:3      | Found Zin's Purification Station.
  3292 | D:3      | Found a glowing silver altar of Zin.
  3322 | D:3      | Noticed Grinder
  3335 | D:3      | Paralysed by Grinder for 4 turns
  3344 | D:3      | Killed Grinder
  3345 | D:3      | Reached XP level 7. HP: 41/51 MP: 5/15
  3570 | D:3      | Found a shadowy altar of Dithmenos.
  3719 | D:3      | Reached skill level 5 in Stealth
  3819 | D:4      | Found a hide-covered altar of Uskayaw.
  3823 | D:4      | Became a worshipper of Uskayaw the Reveller
  3835 | D:4      | Found a snail-covered altar of Cheibriados.
  3849 | D:4      | Reached * piety under Uskayaw
  3954 | D:4      | Reached ** piety under Uskayaw
  4650 | D:5      | Entered Level 5 of the Dungeon
  4941 | D:5      | Reached XP level 8. HP: 56/58 MP: 12/16
  5007 | D:5      | Learned a level 4 spell: Summon Ice Beast
  5235 | D:5      | Noticed Menkaure
  5248 | D:5      | Reached *** piety under Uskayaw
  5249 | D:5      | Killed Menkaure
  5310 | D:5      | Found a staircase to the Ecumenical Temple.
  5627 | D:6      | HP: 1/49 [white imp/puff of frost (4)]
  5877 | D:6      | Found a sparkling altar of Nemelex Xobeh.
  6104 | D:6      | HP: 1/56 [white imp/puff of frost (9)]
  6106 | D:6      | Killed from afar by a white imp

Illustrated notes

Levels and vault maps discovered:
D:1:      dpeg_arrival_erosion, layout_basic
D:2:      layout_basic, uniq_sigmund
D:3:      layout_rooms, lemuel_tele_altar, mainiacjoe_overflow_small_starburst,
          zin_purify, serial_shops, nicolae_shop_advertising_works
          [nicolae_subvault_shop_adworks], minmay_statues_item, uniq_natasha,
          uniq_terence, uniq_grinder
D:4:      layout_basic, kennysheep_mini, slow_altar_1, st_stairs_4,
          kennysheep_opposing_triangles
D:5:      layout_rooms, minmay_temple_entry_nine_rooms, uniq_menkaure
D:6:      layout_basic, nemelex_xobeh_ov_fountains_minmay, serial_shops,
          nicolae_shop_temple_entry_statues_fountains

Skill      XL: |  1  2  3  4  5  6  7  8 |
---------------+-------------------------+-----
Spellcasting   | 5 6 |  6.2
Invocations    | 2 3 4 |  4.0
Fighting       | 1 2 3 |  3.6
Short Blades   | 1 2 3 |  3.6
Long Blades    | 1 2 3 |  3.6
Axes           | 1 2 3 |  3.6
Maces & Flails | 1 2 3 |  3.6
Polearms       | 1 2 3 |  3.6
Staves         | 1 2 3 |  3.6
Ranged Weapons | 1 2 3 |  3.6
Throwing       | 1 2 3 |  3.6
Armour         | 1 2 3 |  3.6
Shields        | 1 2 3 |  3.6
Unarmed Combat | 1 2 3 |  3.6
Evocations     | 1 2 3 |  3.6
Conjurations   | 1 2 3 |  3.0
Hexes          | 1 2 3 |  3.0
Summonings     | 1 2 3 |  3.0
Necromancy     | 1 2 3 |  3.0
Translocations | 1 2 3 |  3.0
Transmutations | 1 2 3 |  3.0
Fire Magic     | 1 2 3 |  3.0
Air Magic      | 1 2 3 |  3.0
Earth Magic    | 1 2 3 |  3.0
Poison Magic   | 1 2 3 |  3.0
Dodging        | 5 |  5.9
Stealth        | 5 |  5.6
Ice Magic      | |  7.8

Action                     |  1- 3 |  4- 6 |  7- 9 || total
---------------------------+-------+-------+-------++-------
  Melee: Unarmed           |    25 |       |       ||    25
         Trident           |    15 |   102 |   172 ||   289
         Bite              |     4 |     6 |    15 ||    25
         Punch             |       |     2 |     5 ||     7
   Cast: Freeze            |    53 |     1 |     1 ||    55
         Frozen Ramparts   |     2 |    12 |    18 ||    32
         Ozocubu's Armour  |     1 |     5 |    11 ||    17
         Summon Ice Beast  |       |       |     2 ||     2
  Evoke: Wand              |       |     2 |       ||     2
    Use: Scroll            |       |       |     8 ||     8
         Potion            |       |       |     3 ||     3
   Stab: Sleeping          |     1 |     8 |     4 ||    13
         Distracted        |       |     1 |       ||     1
         Paralysed         |       |       |     1 ||     1
 Armour: Robe              |    20 |    16 |    52 ||    88
  Dodge: Dodged            |    42 |    49 |   132 ||   223

Table legend: (Time is in decaauts)
 A = Elapsed time spent in this place.
 B = Non-inter-level travel time spent in this place.
 C = Inter-level travel time spent in this place.
 D = Time resting spent in this place.
 E = Time spent auto-exploring this place.
 F = Levels seen in this place.
 G = Mean time per level.
                   A        B        C        D        E       F      G
               +--------+--------+--------+--------+--------+-----+--------+
         Total |   6160 |   5927 |    233 |    181 |   4750 |   6 | 1026.7 |
       Dungeon |   6160 |   5927 |    233 |    181 |   4750 |   6 | 1026.7 |
               +--------+--------+--------+--------+--------+-----+--------+

Top non-repeatable levels by time:
     D:2: 1383 daAuts
     D:1: 1381 daAuts
     D:3: 988 daAuts
     D:4: 932 daAuts
     D:5: 867 daAuts
     D:6: 606 daAuts
